 Dungeon Crawl Stone Soup version 0.22-a0-422-g9628fc8 (webtiles) character file.

217 Falco the Conjurer (level 5, -2/38 HPs)
             Began as a Draconian Conjurer on May 21, 2018.
             Killed by divine providence
             ... invoked by an orc priest
              (12 damage)
             ... on level 4 of the Dungeon.
             The game lasted 00:15:09 (3455 turns).

Falco the Conjurer (Draconian Conjurer)             Turns: 3455, Time: 00:15:09

Health: -2/38      AC:  5    Str: 14    XL:     5   Next: 61%
Magic:  1/9        EV: 12    Int: 17    God:
Gold:   116        SH:  0    Dex: 11    Spells: 3/10 levels left

rFire    . . .     SeeInvis .   o - +3 war axe "Ymutsemis" {pain, MR+} (curse)
rCold    . . .     Gourm    .   (no shield)
rNeg     . . .     Faith    .   (armour unavailable)
rPois    .         Spirit   .   (helmet restricted)
rElec    .         Reflect  .   (no cloak)
rCorr    .         Harm     .   (no gloves)
MR       +....                  (no boots)
Stlth    ++........             (no amulet)
HPRegen  0.12/turn              d - +4 ring of strength
MPRegen  0.11/turn              (no ring)

@: no status effects
A: unfitting armour, cold-blooded, AC +5
a: no special abilities


You were on level 4 of the Dungeon.
You were not hungry.

You visited 1 branch of the dungeon, and saw 4 of its levels.

You collected 116 gold pieces.

Inventory:

Hand Weapons
 f - a +0 dagger
 o - the cursed +3 war axe "Ymutsemis" (weapon) {pain, MR+}
   (You found it on level 4 of the Dungeon)

   In the hands of one skilled in necromantic magic, it inflicts extra damage on
   living creatures.
   It affects your resistance to hostile enchantments.
   It has a curse placed upon it.
Missiles
 j - 50 sling bullets
Jewellery
 d - a +4 ring of strength (left hand)
Wands
 g - a wand of acid (2)
Scrolls
 h - 2 scrolls of remove curse {unknown}
 i - a scroll of teleportation {unknown}
 l - a scroll of enchant armour {unknown}
 p - a scroll of enchant weapon {unknown}
Potions
 a - a potion of cancellation {unknown}
 c - 2 potions of haste
 e - 2 potions of heal wounds
 k - a potion of flight {unknown}
 m - a potion of brilliance {unknown}
 n - a potion of curing {unknown}
Comestibles
 b - 3 rations


   Skills:
 + Level 0.1 Fighting
 + Level 0.5 Short Blades
 + Level 2.2 Dodging
 + Level 2.5 Stealth
 + Level 0.4 Unarmed Combat
 + Level 3.1 Spellcasting
 + Level 5.6 Conjurations
 + Level 0.1 Evocations


You had 3 spell levels left.
You knew the following spells:

 Your Spells              Type           Power        Failure   Level  Hunger
a - Magic Dart            Conj           ###.         1%          1    None
b - Searing Ray           Conj           ###...       2%          2    ##.....
c - Iskenderun's Mystic   Conj           ###.....     17%         4    ####...

Your spell library contained the following spells:

 Spells                   Type           Power        Failure   Level  Hunger
 Fulminant Prism          Conj/Hex       ##........   47%         4    ####...
 Dazzling Spray           Conj/Hex       ##....       16%         3    ###....
 Force Lance              Conj/Tloc      ##......     47%         4    ####...


Dungeon Overview and Level Annotations

Branches:
Dungeon (4/15)
 Temple: D:4-7

Altars:
Gozag
Qazlal

Annotations:
D:3 cellescent's ghost, amateur GnWn


Innate Abilities, Weirdness & Mutations

Your plain brown scales are hard. (AC +5)
You cannot fit into any form of body armour.
You are cold-blooded and may be slowed by cold attacks.


Message History

The orc priest calls upon Beogh to heal the orc wizard.
The orc wizard is healed somewhat.
You barely miss the orc wizard.
The orc wizard is moderately wounded.
The orc wizard hits you with a dagger.
You slash the orc wizard!
The orc wizard is almost dead.
The orc wizard mumbles some strange words.
The orc wizard blinks!
You closely miss the orc priest.
Your tail-slap misses the orc priest.
The orc priest hits you.
* * * LOW HITPOINT WARNING * * *
The orc wizard casts a spell.
The orc wizard blinks!
You slash the orc priest!
The orc priest is severely wounded.
The orc priest barely misses you.
The orc priest mumbles some strange prayers to Beogh against you.
Beogh smites you!
You die...

##.##.#.####.##.#
#.......# #......
...## .###...##
####.### .... .#
#...# #.# ..$#
.########## #.#
...# ###.......#
#.# ...# #
#..<....#
#.#########...##.#
###.......#
#†##..............
.##[......#
#.@o..............
###.......#
#.##..).........).
#.......#
#.#########)..##.#
#.......# #.# ...#
######.## ##(#
.o.# ####.#####..#
.).#
###...........#
o..#
###.....######.##
o>o# ....#...# #.#


You could see an orc priest.

Vanquished Creatures
  2 orc priests (D:3)
  An orc wizard (D:3)
  3 adders
  3 oozes
  2 worms (D:2)
  2 dart slugs (D:1)
  A leopard gecko (D:4)
  8 orcs
  2 giant cockroaches
  7 goblins
  5 hobgoblins
  5 jackals
  3 kobolds
  5 quokkas
  A ball python (D:3)
  9 bats
  3 frilled lizards
  A leopard gecko skeleton (D:3)
  10 rats
73 creatures vanquished.

Notes
Turn   | Place    | Note
-------+----------+-------------------------------------------
     0 | D:1      | Falco the Draconian Conjurer began the quest for the Orb.
     0 | D:1      | Reached XP level 1. HP: 14/14 MP: 3/3
   149 | D:1      | Reached XP level 2. HP: 19/20 MP: 0/5
   207 | D:1      | Learned a level 2 spell: Searing Ray
   915 | D:1      | Reached XP level 3. HP: 26/26 MP: 3/6
  1600 | D:2      | Reached skill level 5 in Conjurations
  1881 | D:2      | Reached XP level 4. HP: 33/33 MP: 5/7
  1887 | D:2      | Learned a level 4 spell: Iskenderun's Mystic Blast
  2482 | D:3      | Found an opulent altar of Gozag.
  2884 | D:3      | Reached XP level 5. HP: 38/38 MP: 5/9
  3328 | D:3      | Noticed cellescent's ghost (amateur GnWn)
  3345 | D:4      | Got a twisted war axe
  3346 | D:4      | Identified the cursed +3 war axe "Ymutsemis" {pain, MR+} (You found it on level 4 of the Dungeon)
  3352 | D:4      | Found a stormy altar of Qazlal.
  3354 | D:4      | Noticed an air elemental
  3355 | D:4      | Noticed a fire elemental
  3355 | D:4      | Noticed a water elemental
  3455 | D:4      | Killed from afar by an orc priest

Vault maps used:
D:1:      onia_arrival_handbag
D:3:      overflow_temple_1_default, kennysheep_generic_room_5
D:4:      cheibrodos_pilgrimage, gammafunk_temple_overflow_wave,
          nicolae_qazlal_style_of_elements, minmay_temple_entry_trees,
          first_ration

Skill      XL: |  1  2  3  4 |
---------------+-------------+-----
Stealth        | 2 |  2.5
Dodging        | 2 |  2.2
Conjurations   | 5 |  5.6
Spellcasting   | 3 |  3.1
Fighting       | |  0.1
Short Blades   | |  0.5
Unarmed Combat | |  0.4
Evocations     | |  0.1

Action                   |  1- 3 |  4- 6 || total
-------------------------+-------+-------++-------
Melee: Unarmed           |    16 |       ||    16
       Tailslap          |     3 |     8 ||    11
       Dagger            |     4 |    32 ||    36
       War axe           |       |    13 ||    13
 Cast: Magic Dart        |    81 |    35 ||   116
       Searing Ray       |     3 |    11 ||    14
       Iskenderun's Myst |       |     1 ||     1
Evoke: Wand              |     1 |     1 ||     2
  Use: Scroll            |     2 |     3 ||     5
 Stab: Sleeping          |       |     6 ||     6
  Eat: Ration            |     2 |     1 ||     3
Armor: Skin              |     8 |    10 ||    18
Dodge: Dodged            |    17 |    28 ||    45

Table legend:
 A = Spawn XP
 B = Non-spawn XP
 C = Spawn XP percentage of total XP
 D = Spawn monster count
 E = Non-spawn monster count
 F = Spawn count percentage of total count
 G = Total turns spent on level
                    A         B        C        D         E        F      G
               +---------+---------+-------+---------+---------+-------+---------
         Total |       0 |     310 |   0.0 |       0 |      73 |   0.0 |  3455
               +---------+---------+-------+---------+---------+-------+---------
           D:1 |       0 |      55 |   0.0 |       0 |      25 |   0.0 |  1166
           D:2 |       0 |      74 |   0.0 |       0 |      23 |   0.0 |  1210
           D:3 |       0 |     168 |   0.0 |       0 |      20 |   0.0 |   962
           D:4 |       0 |      13 |   0.0 |       0 |       5 |   0.0 |   117
               +---------+---------+-------+---------+---------+-------+---------
